 Dungeon Crawl Stone Soup version 0.23-a0-712-g3a644c0 (console) character file.

1387 Duffy the Ducker (level 8, -2/51 HPs)
             Began as a Deep Elf Fire Elementalist on Jan 15, 2019.
             Slain by a gnoll (10 damage)
             ... on level 6 of the Dungeon.
             The game lasted 00:05:22 (6900 turns).

Duffy the Ducker (Deep Elf Fire Elementalist)       Turns: 6900, Time: 00:05:23

Health: -2/51      AC:  8    Str:  5    XL:     8   Next: 40%
Magic:  5/16       EV: 16    Int: 23    God:
Gold:   234        SH:  0    Dex: 15    Spells: 2/15 levels left

rFire    . . .     SeeInvis +   c - 6 rations
rCold    . . .     Gourm    .   (no shield)
rNeg     . . .     Faith    .   a - +0 robe
rPois    +         Spirit   .   D - +2 helmet
rElec    .         Reflect  .   (no cloak)
rCorr    .         Harm     +   (no gloves)
MR       .....                  C - +2 pair of boots
Stlth    ++........             k - amulet of harm
HPRegen  0.17/turn              f - ring of poison resistance
MPRegen  0.15/turn              h - ring of see invisible

@: very slightly contaminated
A: no striking features
a: no special abilities


You were on level 6 of the Dungeon.
You were hungry.

You visited 1 branch of the dungeon, and saw 6 of its levels.

You collected 234 gold pieces.

Inventory:

Armour
 a - a +0 robe (worn)
 C - a +2 pair of boots (worn)
 D - a +2 helmet (worn)
Jewellery
 f - a ring of poison resistance (left hand)
 h - a ring of see invisible (right hand)
 k - an amulet of harm (around neck)
 q - an uncursed ring of positive energy
 w - an uncursed ring of positive energy
Wands
 s - a wand of random effects (19)
 u - a wand of enslavement (10)
 x - a wand of clouds (6)
Scrolls
 b - a scroll of fear {unknown}
 g - 3 scrolls of amnesia {unknown}
 i - 3 scrolls of immolation {unknown}
 j - 2 scrolls of magic mapping {unknown}
 m - 6 scrolls of remove curse {unknown}
 n - 9 scrolls of identify {unknown}
 o - a scroll of blinking {unknown}
 p - 4 scrolls of teleportation {unknown}
 y - a scroll of enchant armour {unknown}
 A - 2 scrolls of enchant weapon {unknown}
 B - a scroll of random uselessness {unknown}
Potions
 d - 3 potions of curing {unknown}
 e - 5 potions of flight {unknown}
 l - 2 potions of lignification {unknown}
 r - 2 potions of degeneration {unknown}
 t - a potion of mutation {unknown}
 v - a potion of agility {unknown}
 z - a potion of might {unknown}
Comestibles
 c - 6 rations (in hand)
 E - 3 chunks of flesh


   Skills:
 + Level 5.7 Fighting
 + Level 6.8 Dodging
 - Level 2.4 Stealth
 - Level 4.0 Spellcasting
 - Level 4.0 Conjurations
 - Level 4.0 Fire Magic
 + Level 2.5 Evocations


You had 2 spell levels left.
You knew the following spells:

 Your Spells              Type           Power        Failure   Level  Hunger
h - Flame Tongue          Conj/Fire      ###..        1%          1    None
j - Sticky Flame          Conj/Fire      ###.....     21%         4    ####...
k - Fireball              Conj/Fire      ###.......   50%         5    ######.
l - Conjure Flame         Conj/Fire      ###.....     6%          3    ##.....

Your spell library contained the following spells:

 Spells                   Type           Power        Failure   Level  Hunger
 Throw Flame              Conj/Fire      ###...       3%          2    #......
 Inner Flame              Hex/Fire       ##......     14%         3    ##.....


Dungeon Overview and Level Annotations

Branches:
Dungeon (6/15)
 Temple: D:4-7

Altars:
Nemelex Xobeh
Okawaru
Qazlal
Vehumet
Xom

Shops:
D:6 %


Message History

The gnoll shouts!
The orc priest miscasts a cantrip.
You see here 2 arrows.
Casting: Flame Tongue (safe; 1% risk of failure)
Confirm with . or Enter, or press ? or * to list all spells.
Aiming: Flame Tongue (safe; 1% risk of failure)
Press: ? - help, Shift-Dir - straight line, f - gnoll
Aim: a gnoll The flame tongue hits the gnoll.
The gnoll is severely wounded.
The gnoll closely misses you.
Casting: Flame Tongue (safe; 1% risk of failure)
Confirm with . or Enter, or press ? or * to list all spells.
Aiming: Flame Tongue (safe; 1% risk of failure)
Press: ? - help, Shift-Dir - straight line, f/p - gnoll
Aim: a gnoll (severely wounded)
The flame tongue hits the gnoll.
The gnoll appears unharmed.
The gnoll is severely wounded.
The gnoll hits you!
You die...

..# #.....+.###..# ..#
#.......#\'..#
..#####.....#.###.## ..g#
..#...#.....#.....## ...###
..#...#######......# ..)..+
..'................# .....#
..#................# .....
..#................# ...
..###########....@####o###
.......#...##....g##.(%..##
.......#.........).(.........
.......+.....................
.......#.........(.(.........
##.....#..........##########+
.#.....#..........#
.#.....#..........#
.#.....#...##.....#


You could see a gnoll.

Vanquished Creatures
  Eustachio (D:5)
  A water moccasin (D:5)
  A sky beast (D:5)
  A phantom (D:4)
  2 centaurs
  2 ogres (D:4)
  A bullfrog zombie (D:5)
  A centaur skeleton (D:4)
  2 orc priests
  A gnoll shaman (D:4)
  Natasha (thrice) (D:4)
  2 orc wizards
  3 worker ants
  A worker ant zombie (D:5)
  8 gnolls
  7 adders
  2 oozes
  An adder skeleton (D:4)
  5 worms
  3 dart slugs
  8 leopard geckos
  12 orcs
  2 ball pythons
  6 giant cockroaches
  9 goblins
  8 hobgoblins
  2 jackals (D:3)
  6 kobolds
  3 quokkas
  11 bats
  6 frilled lizards
  A jackal zombie (D:5)
  A leopard gecko skeleton (D:4)
  12 rats
135 creatures vanquished.

Notes
Turn   | Place    | Note
-------+----------+-------------------------------------------
     0 | D:1      | Duffy the Deep Elf Fire Elementalist began the quest for
                  | the Orb.
     0 | D:1      | Reached XP level 1. HP: 10/10 MP: 6/6
   216 | D:1      | Reached XP level 2. HP: 15/15 MP: 5/8
   523 | D:1      | Reached XP level 3. HP: 17/19 MP: 2/9
   528 | D:1      | Learned a level 3 spell: Conjure Flame
  1805 | D:2      | Reached XP level 4. HP: 14/24 MP: 4/11
  1819 | D:2      | Learned a level 4 spell: Sticky Flame
  2878 | D:3      | Reached XP level 5. HP: 28/28 MP: 11/13
  2908 | D:3      | Reached skill level 3 in Dodging
  2911 | D:3      | Reached skill level 1 in Fighting
  3137 | D:3      | Found an iron altar of Okawaru.
  3682 | D:4      | Reached skill level 4 in Dodging
  3682 | D:4      | Reached XP level 6. HP: 28/35 MP: 6/14
  3689 | D:4      | Learned a level 5 spell: Fireball
  4188 | D:4      | Reached skill level 5 in Dodging
  4191 | D:4      | Noticed Natasha
  4207 | D:4      | Killed Natasha
  4207 | D:4      | Reached XP level 7. HP: 32/41 MP: 0/15
  4455 | D:4      | Noticed Natasha
  4460 | D:4      | Killed Natasha
  4556 | D:4      | Reached skill level 6 in Dodging
  4560 | D:4      | Noticed Natasha
  4562 | D:4      | Killed Natasha
  5205 | D:5      | Entered Level 5 of the Dungeon
  5642 | D:5      | Noticed Eustachio
  5662 | D:5      | Killed Eustachio
  5662 | D:5      | Reached skill level 5 in Fighting
  5662 | D:5      | Reached XP level 8. HP: 26/49 MP: 3/16
  5928 | D:5      | Found a stormy altar of Qazlal.
  5932 | D:5      | Found a sparkling altar of Nemelex Xobeh.
  5934 | D:5      | Found a shimmering altar of Xom.
  5936 | D:5      | Found a radiant altar of Vehumet.
  6065 | D:5      | Reached skill level 1 in Evocations
  6646 | D:6      | Found Qipytin's Food Emporium.
  6900 | D:6      | Slain by a gnoll

Vault maps used:
D:1:      dpeg_arrival_yet_another_circle
D:3:      okawaru_altar_gauntlet_db, minmay_misc_feat_chi
D:4:      minmay_chambers_of_twos, minmay_bent, uniq_natasha
D:5:      grunt_temple_overflow_open, first_ration, uniq_eustachio
D:6:      minmay_temple_entry_crystal_x, serial_shops,
          nicolae_shop_window_shopping, gammafunk_ghost_grave

Skill      XL: |  1  2  3  4  5  6  7  8 |
---------------+-------------------------+-----
Conjurations   | 2 3 4 |  4.0
Spellcasting   | 4 |  4.0
Fire Magic     | 4 |  4.0
Dodging        | 4 5 6 |  6.8
Fighting       | 1 3 5 |  5.7
Evocations     | 2 |  2.5
Stealth        | |  2.4

Action                   |  1- 3 |  4- 6 |  7- 9 || total
-------------------------+-------+-------+-------++-------
 Cast: Flame Tongue      |    72 |   122 |    84 ||   278
       Conjure Flame     |       |     2 |     1 ||     3
       Sticky Flame      |       |       |     5 ||     5
  Eat: Chunk             |     2 |     7 |     6 ||    15
       Ration            |       |       |     1 ||     1
Armor: Robe              |     7 |       |     9 ||    16
Dodge: Dodged            |    19 |    18 |    33 ||    70

Table legend:
 A = Non-vault XP
 B = Vault XP
 C = Vault XP percentage of total XP
 D = Non-vault monster count
 E = Vault monster count
 F = Vault count percentage of total count
                 A         B        C        D         E       F
            +---------+---------+-------+---------+---------+-------
      Total |    1523 |     459 |  23.2 |     116 |      19 |  14.1
            +---------+---------+-------+---------+---------+-------
        D:1 |      47 |       0 |   0.0 |      27 |       0 |   0.0
        D:2 |     112 |       0 |   0.0 |      28 |       0 |   0.0
        D:3 |     155 |      25 |  13.9 |      27 |       6 |  18.2
        D:4 |     422 |     243 |  36.5 |      14 |      12 |  46.2
        D:5 |     563 |     191 |  25.3 |      14 |       1 |   6.7
        D:6 |     224 |       0 |   0.0 |       6 |       0 |   0.0
            +---------+---------+-------+---------+---------+-------
